AoeStats
← zenNation

Arena

505413520Analyzed
1v1 RM · 25d ago on Sep 9, 2026· 40m 0s· 2 players
Game mode
Random Map
Map size
Tiny (2 player)
Population
200
Speed
Normal
Resources
Standard
Victory
Conquest
Starting age
Dark Age
Ending age
Imperial Age
RankedLock teamsTeams togetherTeam positionsShared explorationLock speedFull tech treeHidden civsTurbo modeCheats
Victory
Defeat
🇨🇴 Franks · Colombia
840
+14
🇦🇺 Koreans · Australia
797
-14
zenNation
1:15 Loom
12:37 Feudal Age
13:08 Horse Collar
13:15 Double-Bit Axe
13:31 Gold Mining
17:43 Stone Mining
21:47 Castle Age
22:16 Forging
24:14 Heavy Plow
24:51 Gold Shaft Mining
25:39 Wheelbarrow
25:41 Crossbowman
27:11 Scale Mail Armor
29:36 Iron Casting
28:55 Town Watch
30:51 Hand Cart
31:23 Thumb Ring
36:50 Imperial Age
34:43 Fletching
37:10 Masonry
38:05 Elite Fire Lancer
39:26 Architecture
COL | Doug Narinas
8:31 Loom
10:44 Feudal Age
11:10 Double-Bit Axe
18:37 Castle Age
22:37 Fletching
26:30 Ballistics
30:01 Bodkin Arrow
33:52 Imperial Age
31:49 Bow Saw
32:38 Murder Holes
33:08 Forging
33:19 Scale Barding Armor
35:58 Wheelbarrow
38:42 Chemistry
37:48 Siege Engineers
39:51 Hand Cart
40:46 Iron Casting
40:33 Chain Barding Armor
Connection lost

Rejoining the realm…

Still unreachable

The connection could not be restored.

Session expired

The server has moved on; the page needs a fresh start.